AoeStats
← Heredero

Golden Pit

507897015Analyzed
1v1 RM · 11d ago on Sep 20, 2026· 40m 5s· 2 players
Game mode
Random Map
Map size
Tiny (2 player)
Population
200
Speed
Normal
Resources
Standard
Victory
Conquest
Starting age
Dark Age
Ending age
Imperial Age
RankedLock teamsTeams togetherTeam positionsShared explorationLock speedFull tech treeHidden civsTurbo modeCheats
Victory
Defeat
🇺🇸 Franks · United States
1455
+12
🇦🇷 Berbers · Argentina
1370
-12
AttiladaHun
7:41 Loom
9:59 Feudal Age
16:26 Castle Age
15:52 Double-Bit Axe
16:33 Scale Barding Armor
25:10 Wheelbarrow
25:27 Bow Saw
33:04 Imperial Age
32:53 Chain Barding Armor
32:44 Forging
33:47 Gold Mining
33:49 Stone Mining
36:25 Cavalier
37:06 Husbandry
38:24 Plate Barding Armor
38:24 Iron Casting
37:41 Fletching
39:06 Paladin
39:52 Padded Archer Armor
Heredero
9:23 Feudal Age
7:39 Loom
13:19 Horse Collar
15:12 Double-Bit Axe
20:58 Castle Age
19:30 Scale Mail Armor
20:46 Forging
21:09 Pikeman
23:58 Squires
25:59 Wheelbarrow
26:43 Chain Mail Armor
28:22 Heavy Plow
28:33 Bow Saw
28:55 Gold Mining
29:30 Town Watch
35:56 Imperial Age
33:51 Fletching
34:35 Bloodlines
34:31 Scale Barding Armor
34:55 Husbandry
35:32 Iron Casting
35:51 Chain Barding Armor
37:00 Gold Shaft Mining
36:32 Heavy Camel Rider
37:48 Plate Barding Armor
37:45 Light Cavalry
39:02 Iron Casting
Connection lost

Rejoining the realm…

Still unreachable

The connection could not be restored.

Session expired

The server has moved on; the page needs a fresh start.